 Dungeon Crawl Stone Soup version 0.28.0-1-gb440e238dd (webtiles) character file.

Game seed: 12301235652985552115

243 Ablot the Grasshopper (level 6, -1/50 HPs)
             Began as a Gnoll Warper on Feb 27, 2022.
             Was an Initiate of Okawaru.
             Slain by a kobold brigand (5 damage)
             ... on level 4 of the Dungeon.
             The game lasted 00:04:11 (3643 turns).

Ablot the Grasshopper (Gnoll Warper)                Turns: 3643, Time: 00:04:12

Health: -1/50      AC:  4    Str: 12    XL:     6   Next: 9%
Magic:  22/22      EV: 13    Int: 12    God:    Okawaru [......]
Gold:   219        SH:  0    Dex: 12    Spells: 13/15 levels left

rFire   . . .      SeeInvis .   a - +0 spear
rCold   + . .      Faith    .   (no shield)
rNeg    . . .      Spirit   .   b - +0 leather armour
rPois   .          Reflect  .   (no helmet)
rElec   .          Harm     .   (no cloak)
rCorr   .          Rampage  .   (no gloves)
Will    .....                   u - +0 pair of boots
Stlth   ++........              (no amulet)
HPRegen 0.16/turn               w - ring of magical power
MPRegen 0.18/turn               x - ring of protection from cold

@: no status effects
A: fangs 1, strong nose, distributed training
a: Renounce Religion


You were on level 4 of the Dungeon.
You worshipped Okawaru.
Okawaru was noncommittal.
You visited 2 branches of the dungeon, and saw 5 of its levels.

You collected 219 gold pieces.

Inventory:

Hand Weapons
 a - a +0 spear (weapon)
Missiles
 d - 5 boomerangs of dispersal (quivered)
 e - 44 sling bullets
 i - 146 stones
 l - 4 boomerangs
 s - 24 bolts
Armour
 b - a +0 leather armour (worn)
 u - a +0 pair of boots (worn)
Jewellery
 w - a ring of magical power (left hand)
 x - a ring of protection from cold (right hand)
Wands
 q - a wand of paralysis (8)
Scrolls
 c - a scroll of blinking
 f - 3 scrolls of identify {unknown}
 g - a scroll of summoning {unknown}
 m - 2 scrolls of torment {unknown}
 o - 2 scrolls of enchant weapon {unknown}
 t - a scroll of noise {unknown}
 v - a scroll of immolation {unknown}
Potions
 h - a potion of invisibility {unknown}
 j - 2 potions of curing
 k - 2 potions of berserk rage {unknown}
 n - a potion of brilliance {unknown}
 p - 2 potions of heal wounds {unknown}
 r - 2 potions of might {unknown}


   Skills:
 + Level 4.9 Fighting
 + Level 1.8 Short Blades
 + Level 1.8 Long Blades
 + Level 1.8 Axes
 + Level 1.8 Maces & Flails
 + Level 4.9 Polearms
 + Level 1.8 Staves
 + Level 1.8 Slings
 + Level 1.8 Bows
 + Level 1.8 Crossbows
 + Level 3.1 Throwing
 + Level 3.1 Armour
 + Level 4.9 Dodging
 + Level 1.8 Stealth
 + Level 1.8 Shields
 + Level 1.8 Unarmed Combat
 + Level 5.3 Spellcasting
 + Level 1.4 Conjurations
 + Level 1.4 Hexes
 + Level 1.4 Summonings
 + Level 1.4 Necromancy
 + Level 5.6 Translocations
 + Level 1.4 Transmutations
 + Level 1.4 Fire Magic
 + Level 1.4 Ice Magic
 + Level 1.4 Air Magic
 + Level 1.4 Earth Magic
 + Level 1.4 Poison Magic
 + Level 2.0 Invocations
 + Level 1.8 Evocations


You had 13 spell levels left.
You knew the following spells:

 Your Spells              Type           Power      Damage    Failure   Level
a - Blink                 Tloc           32%        N/A       3%          2

Your spell library contained the following spells:

 Spells                   Type           Power      Damage    Failure   Level
 Gell's Gravitas          Tloc           16%        N/A       8%          3
 Lesser Beckoning         Tloc           16%        N/A       8%          3
 Teleport Other           Tloc           16%        N/A       8%          3
 Freeze                   Ice            24%        1d5       14%         1
 Portal Projectile        Hex/Tloc       22%        N/A       17%         3
 Frozen Ramparts          Ice            12%        1d3       38%         3
 Manifold Assault         Tloc           16%        N/A       56%         5
 Hailstorm                Conj/Ice       6%         3d4       80%         4
 Blade Hands              Tmut           3%         N/A       98%         5
 Excruciating Wounds      Necr           3%         N/A       98%         5


Dungeon Overview and Level Annotations

Branches:
Dungeon (4/15)             Temple (1/1) D:4

Altars:
Ashenzari
Dithmenos
Elyvilon
Fedhas
Gozag
Hepliaklqana
Kikubaaqudgha
Makhleb
Nemelex Xobeh
Okawaru
Qazlal
Ru
Sif Muna
Trog
Uskayaw
Vehumet
Wu Jian
Xom
Zin
The Shining One

Shops:
D:3 *


Innate Abilities, Weirdness & Mutations

You have very sharp teeth.
Your uncanny sense of smell can sniff out nearby items.
Your experience applies equally to all skills.


Message History

The kobold brigand is severely wounded.
The kobold brigand hits you with a +0 dagger.
You closely miss the kobold brigand.
The kobold brigand is severely wounded.
The kobold brigand hits you but does no damage.
You hit the kobold brigand. Your bite misses the kobold brigand.
The kobold brigand is almost dead.
The kobold brigand hits you with a +0 dagger.
* * * LOW HITPOINT WARNING * * *
You closely miss the kobold brigand.
The kobold brigand is almost dead.
You closely miss the kobold brigand. Your bite misses the kobold brigand.
The kobold brigand is almost dead.
The kobold brigand closely misses you.
You hit the kobold brigand but do no damage.
You bite the kobold brigand, but do no damage.
The kobold brigand is almost dead.
The kobold brigand closely misses you.
You barely miss the kobold brigand. You bite the kobold brigand.
The kobold brigand is almost dead.
The kobold brigand hits you with a +0 dagger!
* * * LOW HITPOINT WARNING * * *
You hit the kobold brigand but do no damage.
Your bite misses the kobold brigand.
The kobold brigand is almost dead.
The kobold brigand hits you with a +0 dagger.
* * * LOW HITPOINT WARNING * * *
Unknown command.
It was a potion of curing.
You feel better.
The kobold brigand hits you with a +0 dagger.
* * * LOW HITPOINT WARNING * * *
Unknown command.
You barely miss the kobold brigand. Your bite misses the kobold brigand.
The kobold brigand is almost dead.
The kobold brigand barely misses you.
Unknown command.
You hit the kobold brigand. Your bite misses the kobold brigand.
The kobold brigand is almost dead.
The kobold brigand hits you with a +0 dagger.
You die...

.....# ##.## ####
.###.########.#.## #...
......>......###.# ..##
...#.########†#.## # .....# ##.##
# ...#.# ######### # #.##.#
#≈≈§≈≈≈≈# .....# #≈≈...≈≈# ..#
#.#### ###≈..#.@≈# ... #'##
#.§§§###K§§.# #.# ...##
#.#≈..#.§≈### #.# # ....##
#.#§≈.§.≈§# #####.##### .....##
#.#≈≈§≈≈§§# ##..........
......###.############...........
......'.......................<..
......###....#..######......##...
.....## #.#.## #..#...##...


You could see a kobold brigand.

Vanquished Creatures
  A necrophage (D:4)
  A phantom (D:4)
  A hound skeleton (D:2)
  2 adders
  2 worms (D:4)
  2 orcs
  6 bats
  5 endoplasms
  3 giant cockroaches
  5 goblins
  2 hobgoblins
  4 jackals (D:3)
  3 quokkas
  3 ball pythons
  2 frilled lizards (D:1)
  2 kobolds
  5 rats
49 creatures vanquished.

Notes
Turn   | Place    | Note
-------+----------+-------------------------------------------
     0 | D:1      | Ablot the Gnoll Warper began the quest for the Orb.
     0 | D:1      | Reached XP level 1. HP: 20/20 MP: 6/6
   241 | D:1      | Found a faded altar of an unknown god.
   332 | D:1      | Reached XP level 2. HP: 25/26 MP: 7/7
   799 | D:2      | Reached skill level 5 in Spellcasting
   799 | D:2      | Reached XP level 3. HP: 28/31 MP: 7/9
   802 | D:2      | Learned a level 2 spell: Blink
  1060 | D:2      | Reached skill level 1 in Invocations
  1530 | D:3      | Found Bekaur's General Store.
  1533 | D:3      | Reached skill level 1 in Short Blades
  1533 | D:3      | Reached skill level 1 in Long Blades
  1533 | D:3      | Reached skill level 1 in Axes
  1533 | D:3      | Reached skill level 1 in Maces & Flails
  1533 | D:3      | Reached skill level 1 in Staves
  1533 | D:3      | Reached skill level 1 in Slings
  1533 | D:3      | Reached skill level 1 in Bows
  1533 | D:3      | Reached skill level 1 in Crossbows
  1533 | D:3      | Reached skill level 1 in Stealth
  1533 | D:3      | Reached skill level 1 in Shields
  1533 | D:3      | Reached skill level 1 in Unarmed Combat
  1533 | D:3      | Reached skill level 1 in Evocations
  1706 | D:3      | Reached XP level 4. HP: 32/38 MP: 11/11
  2570 | D:4      | Noticed a phantom
  2597 | D:4      | Killed a phantom
  2598 | D:4      | Reached skill level 1 in Conjurations
  2598 | D:4      | Reached skill level 1 in Hexes
  2598 | D:4      | Reached skill level 1 in Summonings
  2598 | D:4      | Reached skill level 1 in Necromancy
  2598 | D:4      | Reached skill level 1 in Transmutations
  2598 | D:4      | Reached skill level 1 in Fire Magic
  2598 | D:4      | Reached skill level 1 in Ice Magic
  2598 | D:4      | Reached skill level 1 in Air Magic
  2598 | D:4      | Reached skill level 1 in Earth Magic
  2598 | D:4      | Reached skill level 1 in Poison Magic
  2598 | D:4      | Reached XP level 5. HP: 16/43 MP: 12/12
  2910 | D:4      | Found a staircase to the Ecumenical Temple.
  2918 | Temple   | Entered the Ecumenical Temple
  3033 | Temple   | Became a worshipper of Warmaster Okawaru
  3334 | D:4      | Noticed a necrophage
  3351 | D:4      | Killed a necrophage
  3352 | D:4      | Reached XP level 6. HP: 43/50 MP: 13/13
  3640 | D:4      | HP: 1/50 [kobold brigand (6)]
  3643 | D:4      | Slain by a kobold brigand

Illustrated notes

Levels and vault maps discovered:
D:1:      dpeg_arrival_boxes_within_box, layout_rooms,
          hellmonk_ecumenical_altar_heavens_door, serial_glass, glass_columns_a,
          glass_columns_b, glass_columns_b, glass_columns_b, glass_columns_a,
          glass_columns_a
D:2:      layout_basic
D:3:      layout_loops_cross, serial_shops, nicolae_diamond_shop
D:4:      layout_loops_corners, minmay_temple_entry_crystal_x,
          kennysheep_generic_room_8
Temple:   regret_index_temple_chain_breaker

Skill      XL: |  1  2  3  4  5 |
---------------+----------------+-----
Spellcasting   | 5 |  5.3
Invocations    | 1 2 |  2.0
Short Blades   | 1 |  1.8
Long Blades    | 1 |  1.8
Axes           | 1 |  1.8
Maces & Flails | 1 |  1.8
Staves         | 1 |  1.8
Slings         | 1 |  1.8
Bows           | 1 |  1.8
Crossbows      | 1 |  1.8
Stealth        | 1 |  1.8
Shields        | 1 |  1.8
Unarmed Combat | 1 |  1.8
Evocations     | 1 |  1.8
Conjurations   | 1 |  1.4
Hexes          | 1 |  1.4
Summonings     | 1 |  1.4
Necromancy     | 1 |  1.4
Transmutations | 1 |  1.4
Fire Magic     | 1 |  1.4
Ice Magic      | 1 |  1.4
Air Magic      | 1 |  1.4
Earth Magic    | 1 |  1.4
Poison Magic   | 1 |  1.4
Throwing       | 3 |  3.1
Armour         | 3 |  3.1
Fighting       | |  4.9
Polearms       | |  4.9
Dodging        | |  4.9
Translocations | |  5.6

Action                   |  1- 3 |  4- 6 || total
-------------------------+-------+-------++-------
Melee: Spear             |   130 |   143 ||   273
       Bite              |     9 |    18 ||    27
       Punch             |     3 |     2 ||     5
Evoke: Wand              |       |     3 ||     3
  Use: Potion            |       |     1 ||     1
 Stab: Sleeping          |     2 |     1 ||     3
       Paralysed         |       |     8 ||     8
       Distracted        |       |     1 ||     1
Armor: Leather armour    |    31 |    15 ||    46
Dodge: Dodged            |    61 |    49 ||   110
